Map: Divergence LE

Players

Massa

  • Race: Terran Terran
  • League: Gold
  • Spawn Location: 11:00

qqq

  • Race: Zerg Zerg
  • League: Platinum
  • Spawn Location: 11:00

Keeps - Winner!

  • Race: Protoss Protoss
  • Spawn Location: 5:00

Stak - Winner!

  • Race: Terran Terran
  • League: Diamond
  • Spawn Location: 5:00

VOD

Have the link to the VOD?

Description

Time

  • Played on: May 4, 2020, 4:20 p.m.
  • Length: 15:56
Show
View Real Time Build Order
Export as new Build Order

Massa Terran 

Build Orders:  

Get SALT Encoding   

  12  0:12  Supply Depot  
  12  0:15  SCV  
  13  0:27  SCV  
  14  0:36  Barracks  
  14  0:39  SCV  
  15  0:48  Refinery  
  15  0:51  SCV  
  16  0:59  Supply Depot  
  16  1:03  SCV  
  17  1:18  SCV  
  18  1:31  Barracks  
  18  1:33  Barracks  
  18  1:36  Marine  
  19  1:40  SCV  
  20  1:52  SCV  
  20  1:54  Marine  
  22  2:07  Factory  
  22  2:15  Barracks Reactor  
  22  2:19  Orbital Command  
  22  2:26  Barracks Tech Lab, Marine  
  23  2:44  Marine  
  23  2:48  Marauder  
  26  2:53  Factory Tech Lab  
  26  3:01  Marine  
  27  3:09  Marauder  
  29  3:36  Starport  
  29  3:37  SCV  
  30  3:46  Marine  
  31  3:53  Supply Depot  
  31  4:09  Engineering Bay  
  31  4:14  SCV, Marine x2  
  31  4:15  Marauder  
  31  4:16  Supply Depot  
  36  4:25  Medivac  
  36  4:26  SCV  
  39  4:34  Refinery  
  39  4:36  Engineering Bay  
  39  4:38  SCV, Marauder, Supply Depot  
  42  4:46  Command Center  
  42  4:50  SCV  
  43  4:54  Marine x2  
  43  4:55  Marine  
  48  5:00  Marauder  
  48  5:05  Supply Depot  
  48  5:09  SCV  
  48  5:12  Marine  
  50  5:22  Starport Reactor  
  47  5:48  Command Center  
  47  5:55  Missile Turret  
  47  6:02  Siege Tank  
  50  6:05  SCV  
  51  6:16  Missile Turret  
  51  6:17  SCV  
  52  6:36  Missile Turret  
  52  6:50  SCV  
  53  6:57  Missile Turret  
  53  7:01  Command Center  
  53  7:02  SCV  
  53  7:06  Missile Turret  
  54  7:11  Barracks Reactor  
  54  7:14  SCV, Siege Tank  
  58  7:26  SCV  
  58  7:27  Missile Turret  
  58  7:29  SCV  
  60  7:38  SCV  
  60  7:41  SCV  
  62  7:46  Siege Tank  
  62  7:48  Missile Turret  
  62  7:50  SCV  
  66  7:53  SCV  
  67  8:01  Viking x2  
  67  8:03  SCV, Marine  
  67  8:04  Marauder, Marine x3  
  67  8:05  SCV  
  72  8:15  SCV  
  72  8:21  Marine  
  72  8:25  Marauder  
  62  8:35  Marine x2  
  62  8:36  Marine  
  62  8:38  Siege Tank  
  66  8:47  Marauder  
  68  8:57  SCV x2  
  71  9:05  Orbital Command  
  71  9:08  Marauder  
  71  9:09  SCV x2  
  74  9:21  SCV x2  
  76  9:29  Refinery, Marauder  
  76  9:30  Terran Infantry Armor Level 1, Terran Infantry Weapons Level 1  
  78  9:38  Armory  
  78  9:51  Marauder  
  80  9:52  Barracks  
  80  9:55  Barracks  
  49  10:26  Armory, Medivac x2  
  53  10:32  Orbital Command  
  53  10:36  Refinery  
  53  10:38  Refinery  
  53  10:42  Refinery  
  53  10:43  Factory  
  53  10:44  Barracks  
  53  10:51  Barracks Reactor x2  
  53  10:56  Medivac  
  55  10:57  Siege Tank  
  55  10:59  Marauder, Marine x3  
  55  11:00  Marine  
  64  11:17  Marine x4  
  68  11:21  Marauder  
  70  11:30  Factory Tech Lab  
  70  11:33  Barracks  
  70  11:34  Marine x4  
  70  11:35  Marine x4  
  78  11:40  Barracks Reactor  
  78  11:42  Marine  
  79  11:52  Marine x4  
  79  11:53  Marine x4  
  87  11:59  Marine  
  88  12:09  Marine  
  88  12:10  Marine x4  
  93  12:17  Supply Depot  
  93  12:22  Marine x4  
  93  12:27  Marine x2  
  93  12:28  Marine x3  
  103  12:40  Marine x3  
  103  12:41  Marauder, Supply Depot  
  88  12:45  Marine x3  
  88  12:46  Marine x2  
  72  13:03  Supply Depot  
  45  13:15  Barracks x2  
  45  13:16  Barracks  
  45  13:18  Barracks  
  42  13:20  Barracks, Missile Turret  
  42  13:21  Barracks  
  41  13:34  Barracks x3  
  41  13:40  Missile Turret  
  41  13:50  Command Center  
  17  14:27  SCV  
  17  14:29  SCV  
  19  14:39  SCV  
  19  14:41  SCV  
  21  14:46  Barracks  
  21  14:48  Barracks  
  21  14:50  Barracks  
  21  14:51  SCV  
  22  14:53  SCV, Factory  
  22  14:55  Factory  
  22  14:57  Factory  
  23  15:03  Barracks  
  23  15:04  SCV  
  23  15:05  SCV  
  23  15:09  Barracks Reactor x2  
  23  15:10  Barracks Reactor x3, Barracks  
  23  15:12  Barracks  
  23  15:13  SCV, Barracks  
  22  15:16  SCV  
  22  15:17  SCV  
  23  15:22  Factory  
  23  15:25  SCV  
  22  15:37  SCV  
  22  15:48  Factory  
  23  15:52  Barracks  
Show
View Real Time Build Order
Export as new Build Order

qqq Zerg 

Build Orders: Hatch First 

Get SALT Encoding   

  12  0:02  Drone  
  13  0:09  Drone  
  14  0:43  Extractor, Hatchery  
  12  0:53  Spawning Pool  
  11  0:57  Drone  
  12  1:11  Overlord  
  12  1:12  Drone  
  14  1:18  Drone  
  14  1:30  Drone  
  15  1:37  Drone  
  16  1:49  Lair  
  16  1:50  Drone  
  17  1:56  Drone  
  17  2:00  Drone  
  19  2:05  Extractor  
  18  2:14  Overlord  
  18  2:16  Drone  
  18  2:18  Drone  
  18  2:22  Drone  
  21  2:34  Drone  
  21  2:35  Drone  
  23  2:40  Drone  
  23  2:43  Drone  
  25  2:51  Spire  
  25  2:53  Drone  
  25  2:55  Drone  
  26  3:03  Queen  
  28  3:07  Drone  
  28  3:11  Drone  
  30  3:16  Overlord  
  30  3:17  Drone  
  31  3:23  Drone  
  32  3:31  Drone  
  32  3:33  Drone  
  34  3:39  Drone  
  35  3:58  Drone  
  35  3:59  Drone  
  37  4:03  Hatchery  
  37  4:04  Mutalisk, Zerg Flyer Weapons Level 1  
  37  4:05  Mutalisk x2  
  37  4:07  Drone  
  43  4:10  Extractor  
  43  4:13  Drone x2  
  43  4:16  Overlord  
  44  4:24  Overlord  
  44  4:25  Overlord  
  44  4:35  Mutalisk  
  44  4:37  Drone  
  47  4:42  Extractor  
  47  4:44  Drone  
  47  4:45  Drone x3  
  50  4:46  Mutalisk  
  52  4:56  Mutalisk  
  54  5:01  Drone  
  55  5:09  Overlord  
  55  5:16  Hatchery  
  55  5:18  Drone  
  47  5:37  Mutalisk x3  
  51  5:43  Drone x2, Hatchery  
  51  5:47  Drone x3  
  55  5:54  Drone  
  55  5:57  Extractor  
  55  6:05  Mutalisk x2  
  59  6:14  Hatchery  
  59  6:17  Mutalisk  
  60  6:22  Hatchery  
  59  6:28  Mutalisk  
  61  6:45  Mutalisk  
  61  6:50  Zergling x8  
  61  6:51  Drone x2, Zergling x4  
  61  6:52  Drone x4  
  73  6:56  Drone  
  73  6:57  Overlord  
  74  7:04  Mutalisk x2  
  78  7:23  Zerg Flyer Armor Level 1  
  78  7:26  Drone, Zergling x8  
  78  7:27  Drone x6  
  78  7:28  Drone  
  85  7:30  Extractor  
  85  7:35  Hatchery, Mutalisk  
  79  7:37  Drone  
  79  7:40  Extractor  
  79  7:45  Mutalisk  
  79  7:46  Mutalisk  
  83  7:52  Mutalisk  
  85  8:01  Mutalisk  
  85  8:02  Zergling x2  
  74  8:15  Mutalisk  
  74  8:17  Zergling x2  
  74  8:18  Zergling x14  
  74  8:19  Zergling x4  
  79  8:33  Mutalisk  
  79  8:34  Mutalisk  
  80  8:50  Drone x4  
  80  8:51  Drone x3  
  80  8:53  Extractor  
  86  9:01  Extractor, Hatchery  
  84  9:07  Drone x7  
  84  9:08  Mutalisk x4  
  99  9:13  Hatchery  
  98  9:18  Mutalisk x2  
  96  9:32  Mutalisk x2  
  96  9:34  Zergling x4  
  96  9:35  Overlord  
  96  9:36  Overlord x2  
  102  9:44  Extractor, Overlord x2  
  101  9:51  Drone  
  102  10:04  Metabolic Boost  
  102  10:08  Drone x8  
  102  10:09  Drone, Mutalisk x4  
  102  10:12  Zerg Flyer Weapons Level 2  
  109  10:29  Mutalisk x4  
  109  10:34  Mutalisk  
  115  10:36  Drone x6  
  102  10:50  Zergling x6  
  102  10:52  Zergling x8  
  102  10:53  Zergling x12  
  99  11:14  Mutalisk x4  
  99  11:16  Drone x2  
  105  11:29  Mutalisk x4  
  110  11:41  Mutalisk x2  
  110  11:43  Drone x2  
  116  11:50  Drone  
  111  12:05  Hatchery  
  111  12:06  Drone x3, Mutalisk  
  115  12:08  Drone x2  
  117  12:17  Hatchery  
  117  12:18  Hatchery x2  
  117  12:19  Overlord x2  
  117  12:20  Hatchery  
  104  12:46  Mutalisk  
  104  12:47  Mutalisk x4  
  104  12:48  Zergling x2  
  104  12:49  Zergling x6  
  110  13:08  Mutalisk x2  
  110  13:10  Zergling x2  
  68  13:54  Drone x4  
  68  13:55  Drone x2  
  74  14:08  Drone  
  75  14:10  Drone x3  
  75  14:14  Drone x3  
  81  14:19  Drone x3  
  81  14:21  Drone x3  
  67  14:47  Overlord x5  
  67  14:48  Overlord  
  50  14:55  Spawning Pool  
  33  15:09  Drone x2  
  33  15:10  Drone x7  
  33  15:11  Drone  
  38  15:36  Drone x8  
  38  15:37  Drone  
  29  15:54  Hatchery  
Show
View Real Time Build Order
Export as new Build Order

Keeps Protoss - Winner!

Build Orders:  

Get SALT Encoding   

  12  0:01  Probe (Chrono Boost)  
  14  0:15  Probe (Chrono Boost)  
  14  0:24  Pylon  
  14  0:25  Probe  
  16  0:42  Probe  
  16  0:52  Gateway  
  16  0:58  Probe (Chrono Boost), Assimilator  
  17  1:10  Probe (Chrono Boost)  
  19  1:18  Probe (Chrono Boost)  
  19  1:24  Probe  
  20  1:40  Cybernetics Core  
  20  1:44  Pylon  
  20  1:47  Pylon  
  20  1:59  Probe  
  21  2:02  Nexus  
  21  2:11  Probe, Zealot  
  21  2:15  Assimilator  
  24  2:19  Warp Gate  
  24  2:23  Probe (Chrono Boost)  
  25  2:33  Probe (Chrono Boost)  
  26  2:38  Probe (Chrono Boost)  
  29  2:47  Stalker  
  29  2:52  Probe  
  30  3:04  Probe  
  31  3:11  Twilight Council  
  31  3:16  Probe  
  32  3:23  Pylon  
  32  3:26  Pylon  
  32  3:29  Probe (Chrono Boost)  
  32  3:30  Gateway  
  33  3:40  Probe (Chrono Boost)  
  34  3:45  Probe (Chrono Boost)  
  34  3:46  Probe (Chrono Boost)  
  36  3:54  Stalker  
  39  3:56  Probe (Chrono Boost)  
  39  4:00  Probe (Chrono Boost)  
  40  4:10  Robotics Facility  
  40  4:14  Probe x2  
  42  4:25  Pylon  
  42  4:26  Probe (Chrono Boost)  
  42  4:28  Pylon  
  43  4:32  Assimilator  
  43  4:35  Assimilator  
  43  4:36  Probe (Chrono Boost)  
  45  4:44  Probe (Chrono Boost)  
  46  4:46  Probe (Chrono Boost)  
  46  4:51  Probe x2 (Chrono Boost)  
  48  5:01  Robotics Bay  
  48  5:02  Probe (Chrono Boost)  
  50  5:08  Probe (Chrono Boost)  
  50  5:13  Blink  
  50  5:15  Probe (Chrono Boost), Zealot x2  
  50  5:17  Probe  
  56  5:25  Pylon  
  56  5:26  Probe  
  56  5:27  Pylon  
  57  5:29  Probe, Pylon  
  57  5:30  Warp Prism  
  60  5:40  Zealot x2  
  64  5:59  Robotics Facility  
  64  6:00  Robotics Facility  
  64  6:02  Probe x2  
  66  6:06  Observer  
  67  6:14  Probe x2  
  69  6:27  Colossus  
  75  6:48  Zealot x2  
  75  6:51  Extended Thermal Lance  
  79  6:56  Probe (Chrono Boost)  
  81  7:02  Probe (Chrono Boost)  
  81  7:06  Probe (Chrono Boost)  
  82  7:10  Probe (Chrono Boost)  
  82  7:13  Stalker x2  
  82  7:14  Charge  
  83  7:20  Colossus  
  89  7:28  Nexus  
  89  7:39  Colossus x2  
  101  8:00  Zealot x2  
  105  8:19  Gateway  
  101  8:20  Gateway  
  101  8:23  Gateway  
  101  8:25  Gateway  
  101  8:28  Gateway  
  101  8:32  Assimilator  
  101  8:35  Assimilator  
  101  8:38  Colossus  
  101  8:39  Colossus  
  101  8:40  Colossus  
  119  8:48  Pylon  
  119  8:49  Pylon  
  119  8:51  Pylon  
  119  8:53  Pylon  
  119  8:54  Stalker x2  
  123  8:55  Pylon  
  123  8:57  Pylon  
  123  9:19  Stalker x2  
  121  9:31  Colossus  
  121  9:33  Pylon  
  121  9:36  Probe x3, Pylon  
  121  9:37  Pylon  
  128  9:45  Stalker x2  
  128  9:46  Stalker  
  128  9:47  Stalker x2  
  128  9:48  Probe x2  
  128  9:49  Colossus x2  
  146  10:08  Probe (Chrono Boost)  
  139  10:16  Zealot x5  
  139  10:17  Zealot x2  
  139  10:19  Probe (Chrono Boost)  
  148  10:23  Pylon  
  148  10:24  Probe (Chrono Boost)  
  124  11:23  Stalker x5  
  124  11:24  Stalker x2  
  134  11:32  Colossus x3  
  138  11:41  Probe (Chrono Boost)  
  138  11:42  Probe (Chrono Boost)  
  138  11:43  Probe (Chrono Boost)  
  141  11:52  Probe x3 (Chrono Boost)  
  138  11:57  Probe x2 (Chrono Boost)  
  140  12:12  Stalker x4  
  140  12:13  Stalker  
  140  12:14  Stalker  
  152  12:26  Colossus  
  116  13:01  Stalker  
  116  13:02  Stalker  
  116  13:03  Stalker x4  
  116  13:04  Stalker  
  116  13:19  Warp Prism  
  116  13:30  Stalker  
  116  13:31  Stalker x4  
  122  13:45  Shield Battery  
  97  14:13  Stalker x3  
  97  14:14  Stalker x2  
  94  14:22  Stalker  
  84  15:05  Probe x2 (Chrono Boost)  
  87  15:09  Probe (Chrono Boost)  
  87  15:16  Probe x2 (Chrono Boost)  
  87  15:19  Probe (Chrono Boost)  
  87  15:20  Probe (Chrono Boost)  
  87  15:21  Probe (Chrono Boost)  
  92  15:29  Probe  
  92  15:31  Probe  
  94  15:42  Stalker x3  
  94  15:52  Stalker  
Show
View Real Time Build Order
Export as new Build Order

Stak Terran - Winner!

Build Orders:  

Get SALT Encoding   

  12  0:01  SCV  
  13  0:13  SCV  
  14  0:18  Supply Depot  
  14  0:25  SCV  
  15  0:40  SCV  
  16  0:43  Barracks  
  16  0:46  Refinery  
  16  0:52  SCV  
  17  1:04  SCV  
  18  1:16  SCV  
  19  1:29  Orbital Command  
  19  1:30  Marine  
  20  1:45  Command Center  
  20  1:51  Barracks Reactor  
  20  1:56  SCV  
  20  2:00  Barracks  
  21  2:08  SCV  
  21  2:12  Supply Depot  
  22  2:20  SCV, Factory  
  23  2:33  Marine x2  
  23  2:34  SCV  
  26  2:42  Refinery  
  26  2:46  SCV  
  26  2:47  Barracks Tech Lab  
  27  2:51  Marine  
  27  2:55  Marine  
  27  2:57  Orbital Command  
  29  3:04  SCV  
  30  3:14  Factory Reactor  
  30  3:15  Starport  
  30  3:17  Marine x2  
  30  3:18  Marine  
  33  3:20  SCV  
  33  3:24  Supply Depot  
  33  3:26  SCV  
  35  3:34  Stimpack  
  35  3:35  Marine  
  35  3:36  Marine  
  35  3:39  Marine  
  38  3:42  SCV  
  38  3:45  Engineering Bay  
  38  3:47  SCV  
  40  3:55  SCV  
  41  4:00  Marine x2  
  43  4:04  Marine  
  43  4:05  Medivac  
  43  4:07  Medivac  
  43  4:08  SCV  
  43  4:09  SCV  
  50  4:16  Factory Tech Lab  
  50  4:21  SCV, Supply Depot  
  50  4:22  Refinery  
  50  4:23  SCV  
  52  4:25  Marine x2  
  54  4:43  SCV, Marine x2, Siege Tank  
  60  4:52  Terran Infantry Weapons Level 1  
  60  4:53  Marine  
  60  4:55  SCV  
  62  5:03  Barracks x3  
  62  5:11  Supply Depot  
  62  5:14  Supply Depot  
  62  5:30  Missile Turret  
  62  5:31  SCV, Marine  
  62  5:33  SCV, Marine x2, Medivac, Siege Tank  
  61  5:48  SCV, Missile Turret  
  61  5:49  SCV, Marine  
  64  5:50  Marine  
  64  5:52  Refinery  
  64  5:55  Barracks Reactor  
  64  5:56  Barracks Reactor  
  65  5:59  Barracks Reactor  
  65  6:09  Marine x3  
  68  6:13  Siege Tank  
  68  6:15  SCV  
  72  6:22  Command Center  
  72  6:27  Marine x2  
  74  6:33  Marine  
  74  6:34  Marine x3  
  78  6:41  SCV  
  78  6:42  Marine  
  78  6:45  Marine  
  78  7:04  Terran Infantry Armor Level 1  
  78  7:05  Engineering Bay, Command Center  
  78  7:08  Armory  
  78  7:24  Supply Depot x2  
  78  7:25  Supply Depot  
  78  7:28  Marine  
  78  7:29  SCV, Marine  
  78  7:30  Marine  
  78  7:33  SCV, Marine x5  
  78  7:36  Marine  
  85  7:37  Siege Tank  
  85  7:41  SCV  
  89  7:46  Marine  
  89  7:47  Marine  
  89  7:48  Marine, Medivac x2  
  89  7:51  Marine x5  
  72  8:39  Marine  
  72  8:40  Marine x8  
  75  8:43  Barracks  
  75  8:44  Barracks  
  75  8:47  Barracks  
  75  8:48  Medivac  
  75  8:52  Barracks x2  
  75  8:53  Barracks  
  75  8:55  SCV  
  76  8:57  Marine, Missile Turret  
  77  9:03  SCV x2  
  77  9:08  Supply Depot  
  77  9:09  Supply Depot  
  79  9:10  Marine x3  
  82  9:29  Marine x3  
  82  9:30  Marine x6  
  92  9:34  Orbital Command  
  92  9:40  Barracks Reactor x2  
  92  9:41  Barracks Reactor  
  92  9:42  Terran Infantry Weapons Level 2  
  91  9:46  Terran Infantry Armor Level 2  
  91  9:47  Marine x2  
  93  9:54  Medivac x2  
  90  10:18  Marine  
  90  10:19  Marine x14  
  100  10:36  Marine  
  100  10:37  Marine x3, Medivac  
  99  11:00  Marine  
  99  11:01  Marine x8  
  99  11:02  Medivac  
  103  11:07  Medivac  
  105  11:17  Barracks Reactor x2  
  105  11:23  Planetary Fortress  
  105  11:30  Barracks Reactor  
  105  11:40  Marine x5  
  105  11:41  Marine x3  
  113  11:50  SCV x3, Missile Turret  
  113  11:52  Missile Turret  
  113  11:53  Missile Turret  
  116  11:57  Marine x11  
  116  11:58  Marine x7  
  134  12:02  SCV x2  
  134  12:05  Terran Infantry Weapons Level 3  
  136  12:14  Marine x3  
  136  12:15  Marine x2  
  141  12:16  Medivac  
  143  12:26  Marine  
  143  12:27  Marine x7  
  121  12:58  Marine x3  
  121  12:59  Marine x7  
  121  13:02  Missile Turret  
  121  13:03  Missile Turret  
  121  13:04  Missile Turret x3  
  117  13:06  Missile Turret  
  117  13:07  Missile Turret  
  117  13:10  Missile Turret  
  110  13:37  Marine x6  
  110  13:38  Marine x4  
  110  13:40  Missile Turret  
  111  14:06  Marine x6  
  111  14:07  Marine x12  
  111  14:08  Marine  
  129  14:24  Marine x7  
  130  14:25  Medivac x2  
  130  14:29  Combat Shield  
  139  15:03  Marine x6  
  143  15:09  Marine  
  143  15:10  Marine x4  
  148  15:20  Supply Depot  
  148  15:21  Supply Depot  
  134  15:42  SCV  
Tags
 
Add a new tag
Caveats
  • Supply blocks, unpowered buildings, or Contaminate may cause inaccurate times.
  • Supply counts are checked every 10 seconds.